 Dungeon Crawl Stone Soup version 0.25-a0-668-gea548f19b6 (webtiles) character file.

Game seed: 4441494209234000591, levelgen mode: deterministic

26 Error4North the Skirmisher (level 3, -1/33 HPs)
             Began as a Hill Orc Fighter on Mar 28, 2020.
             Slain by Natasha (6 damage)
             ... on level 1 of the Dungeon.
             The game lasted 00:02:11 (836 turns).

Error4North the Skirmisher (Hill Orc Fighter)        Turns: 836, Time: 00:02:11

Health: -1/33      AC:  8    Str: 19    XL:     3   Next: 8%
Magic:  3/3        EV:  7    Int:  8    God:
Gold:   89         SH:  9    Dex: 10    Spells: 2/2 levels left

rFire    . . .     SeeInvis .   a - +0 war axe
rCold    . . .     Gourm    .   c - +0 kite shield
rNeg     . . .     Faith    .   b - +0 scale mail
rPois    .         Spirit   .   k - +0 helmet
rElec    .         Reflect  .   (no cloak)
rCorr    .         Harm     .   (no gloves)
MR       .....                  (no boots)
Stlth    ..........             (no amulet)
HPRegen  0.11/turn              (no ring)
MPRegen  0.08/turn              (no ring)

@: no status effects
A: no striking features
a: no special abilities


You were on level 1 of the Dungeon.
You were not hungry.

You visited 1 branch of the dungeon, and saw 2 of its levels.

You collected 89 gold pieces.

Inventory:

Hand Weapons
 a - a +0 war axe (weapon)
Armour
 b - a +0 scale mail (worn)
 c - a +0 kite shield (worn)
 k - a +0 helmet (worn)
Scrolls
 e - a scroll of identify {unknown}
 h - a scroll of blinking {unknown}
 i - a scroll of remove curse {unknown}
Potions
 d - a potion of might
 j - a potion of invisibility {unknown}
Comestibles
 f - 2 rations
 g - a chunk of flesh


   Skills:
 * Level 3.9 Fighting
 + Level 3.0 Axes
 * Level 3.6 Armour
 + Level 0.1 Dodging
 * Level 3.8 Shields


You had 2 spell levels left.
You didn't know any spells.
Your spell library was empty.

Dungeon Overview and Level Annotations

Branches:
Dungeon (2/15)

Altars:

Annotations:
D:1 Natasha


Message History

Natasha is lightly wounded.
Natasha closely misses you.
You hit Natasha.
Natasha is lightly wounded.
Natasha drinks a potion.
Natasha seems to grow stronger.
You barely miss Natasha.
Natasha is lightly wounded.
Natasha mumbles some strange words.
You block Natasha's attack.
You hit Natasha but do no damage.
Natasha is lightly wounded.
Natasha claws you.
The crimson imp blinks!
You miss Natasha.
Natasha is lightly wounded.
Natasha claws you. Natasha claws you!
* * * LOW HITPOINT WARNING * * *
You hit Natasha.
Natasha is heavily wounded.
The crimson imp blinks!
Natasha claws you.
You die...

#.####.#
#..##.#####
#...##.# #.###.#
# ###.##.####.#
#.# #
#.#.......# #.#
##
#.#.#.#######.##
####. #.#...#
#...####...♣
#....##
#..........P
#####...####
#...#..#♣...
#....)5.h@.#
#...#..###PP
#..........#
######..####
#..........#
##..##
#.......§..#
#...#
#..........#
#...#
#..........#
#[..#
#######..###
#...# #..#
##...## #..##
#..#..#


You could see Natasha and a crimson imp.

Vanquished Creatures
  A dart slug (D:1)
  2 leopard geckos (D:1)
  A giant cockroach (D:1)
  4 goblins (D:1)
  5 hobgoblins (D:1)
  3 bats
  4 frilled lizards (D:1)
  A kobold (D:1)
21 creatures vanquished.

Notes
Turn   | Place    | Note
-------+----------+-------------------------------------------
     0 | D:1      | Error4North the Hill Orc Fighter began the quest for the
                  | Orb.
     0 | D:1      | Reached XP level 1. HP: 19/19 MP: 1/1
    69 | D:1      | Reached XP level 2. HP: 27/27 MP: 2/2
   563 | D:1      | Upgraded the game from 0.25-a0-667-gb977e01cb5 to
                  | 0.25-a0-668-gea548f19b6
   643 | D:1      | Reached XP level 3. HP: 32/33 MP: 3/3
   823 | D:2      | Noticed Natasha
   836 | D:1      | Slain by Natasha

Levels and vault maps discovered:
D:1:      denvon_arrival_planthouse, layout_rooms
D:2:      layout_rooms, old_standard_altar, yredelemnul_forgotten_temple_becter,
          nemelex_lonely_heart_becter, uniq_terence, uniq_natasha

Skill      XL: |  1  2 |
---------------+-------+-----
Axes           | 3 |  3.0
Fighting       | |  3.9
Armour         | |  3.6
Dodging        | |  0.1
Shields        | |  3.8

Action                   || total
-------------------------++-------
Melee: War axe           ||    64
Armor: Scale mail        ||    34
Dodge: Dodged            ||    16
Block: Kite shield       ||    30

Table legend:
 A = Non-vault XP
 B = Vault XP
 C = Vault XP percentage of total XP
 D = Non-vault monster count
 E = Vault monster count
 F = Vault count percentage of total count
                 A         B        C        D         E       F
            +---------+---------+-------+---------+---------+-------
      Total |      38 |       0 |   0.0 |      21 |       0 |   0.0
            +---------+---------+-------+---------+---------+-------
        D:1 |      36 |       0 |   0.0 |      20 |       0 |   0.0
        D:2 |       2 |       0 |   0.0 |       1 |       0 |   0.0
            +---------+---------+-------+---------+---------+-------
